Canucks vs Icehogs
Created - November 6, 2025 at 19:32
Goals
|
| Canucks |
0 |
1 |
1 |
2 |
| Icehogs |
0 |
2 |
2 |
4 |
|
Shots
|
| Canucks |
1 |
11 |
8 |
20 |
| Icehogs |
1 |
8 |
16 |
25 |
|
1st period
No Goal
Penalties :
No Penalty
2nd period
1. Icehogs , Nils Hoglander 1 (Dillon Dube 1, Nikita Scherbak 1) at 3:40 (PP)
2. Canucks , William Lagesson 1 (Aleksi Heponiemi 1) at 4:34 (PP)
3. Icehogs , JJ. Piccinich 1 (Calle Andersson 1, Nikita Scherbak 2) at 16:37
Penalties :
Aku Raty (Abb) for Interference (Minor) at 3:26, Nikita Scherbak (Roc) for Tripping (Minor) at 3:59, Declan Chisholm (Roc) for Tripping (Minor) at 5:56
3rd period
4. Canucks , Aku Raty 1 (Lane Pederson 1, Jackson Hallum 1) at 10:03
5. Icehogs , Nikita Scherbak 1 (Dillon Dube 2, Jeremy Davies 1) at 10:51
6. Icehogs , Nils Hoglander 2 (Dillon Dube 3, Jeremy Davies 2) at 19:18 (Empty Net)
Penalties :
Calle Andersson (Roc) for High sticking (Minor) at 7:13, Tobias Lindberg (Abb) for Roughing (Minor) at 10:54, William Lockwood (Abb) for Holding (Minor) at 13:17
Goalie Stats
Casey DeSmith (Abb), 21 saves from 24 shots - (0.875), L, 0-1-0, 59:44 minutes
Mackenzie Blackwood (Roc), 18 saves from 20 shots - (0.900), W, 1-0-0, 60:00 minutes
Players Stats for Canucks
Player Name G A P +/- PIM S H SB GA TA FO MP PP MP PK MP
------------------------------------------------------------------------------------
0 0 0 0 0 0 0 0 0 0 0/0 0:00 0:00 0:00
0 0 0 0 0 0 0 0 0 0 0/0 0:00 0:00 0:00
0 0 0 0 0 0 0 0 0 0 0/0 0:00 0:00 0:00
0 0 0 0 0 0 0 0 0 0 0/0 0:00 0:00 0:00
0 0 0 0 0 0 0 0 0 0 0/0 0:00 0:00 0:00
0 0 0 0 0 0 0 0 0 0 0/0 0:00 0:00 0:00
0 0 0 0 0 0 0 0 0 0 0/0 0:00 0:00 0:00
Adam Ollas-Mattsson 0 0 0 -1 0 0 2 3 0 1 0/0 26:04 2:50 2:42
Aku Raty 1 0 1 1 2 2 0 0 0 0 0/0 11:50 0:00 0:00
Aleksi Heponiemi 0 1 1 -1 0 2 1 0 0 2 6/11 16:44 1:59 1:12
Axel Holmstrom 0 0 0 -2 0 0 3 1 1 0 10/31 23:08 2:34 2:12
C.J. Smith 0 0 0 -2 0 1 2 2 0 0 0/0 22:33 2:34 2:18
Daniil Miromanov 0 0 0 -2 0 1 3 3 1 0 0/0 20:48 1:43 1:30
Guillaume Brisebois 0 0 0 -2 0 0 2 5 0 0 0/0 20:46 1:43 1:30
Jack Rathbone 0 0 0 1 0 0 0 0 0 0 0/0 11:46 0:00 0:00
Jackson Hallum 0 1 1 0 0 0 1 0 0 0 0/0 6:27 0:00 0:00
Kristian Vesalainen 0 0 0 -1 0 0 2 1 0 0 0/0 16:15 1:59 0:42
Lane Pederson 0 1 1 1 0 2 0 1 0 0 2/3 13:42 0:00 0:57
Maxim Letunov 0 0 0 -1 0 0 0 0 0 0 0/1 8:39 0:00 0:00
Pavel Gogolev 0 0 0 1 0 3 2 0 0 0 0/0 13:31 0:00 1:03
Rasmus Asplund 0 0 0 0 0 0 0 0 0 0 0/0 2:24 0:00 0:00
Tobias Lindberg 0 0 0 -1 2 0 0 0 2 0 1/1 16:20 1:59 0:00
Will Borgen 0 0 0 1 0 1 1 0 0 0 0/0 11:56 0:00 0:00
William Lagesson 1 0 1 -1 0 5 2 1 2 2 0/0 26:01 2:50 2:42
William Lockwood 0 0 0 -1 2 3 0 0 1 0 0/2 22:53 2:34 0:00
Players Stats for Icehogs
Player Name G A P +/- PIM S H SB GA TA FO MP PP MP PK MP
------------------------------------------------------------------------------------
0 0 0 0 0 0 0 0 0 0 0/0 0:00 0:00 0:00
0 0 0 0 0 0 0 0 0 0 0/0 0:00 0:00 0:00
0 0 0 0 0 0 0 0 0 0 0/0 0:00 0:00 0:00
0 0 0 0 0 0 0 0 0 0 0/0 0:00 0:00 0:00
0 0 0 0 0 0 0 0 0 0 0/0 0:00 0:00 0:00
Andrew Poturalski 0 0 0 1 0 1 0 0 0 0 6/7 19:10 1:46 2:40
Antoine Morand 0 0 0 0 0 0 2 0 0 0 1/1 5:51 0:15 0:00
Calle Andersson 0 1 1 1 2 1 0 0 1 1 0/0 18:11 1:57 0:51
Clark Bishop 0 0 0 0 0 0 0 0 0 0 1/2 4:53 0:00 0:00
Connor Zary 0 0 0 0 0 1 2 0 0 0 1/5 12:16 0:00 0:00
Declan Chisholm 0 0 0 -1 2 1 0 0 0 1 0/0 12:56 0:00 0:00
Dillon Dube 0 3 3 1 0 6 3 0 2 1 18/30 24:54 2:11 2:40
Eamon Powell 0 0 0 -1 0 0 1 0 0 0 0/0 13:01 0:00 0:46
Egor Afanasyev 0 0 0 0 0 0 0 1 0 0 0/0 12:11 0:00 0:00
Gabriel Fortier 0 0 0 1 0 0 1 0 0 0 0/1 15:54 1:46 0:48
Jackson Cates 0 0 0 0 0 0 0 0 0 0 0/0 3:44 0:15 0:00
Jeremy Davies 0 2 2 2 0 3 0 5 0 1 0/0 25:44 2:15 2:56
JJ. Piccinich 1 0 1 1 0 2 1 1 0 0 0/0 14:35 1:46 0:00
Julius Honka 0 0 0 2 0 0 1 0 0 2 0/0 26:48 2:15 2:56
Kristian Reichel 0 0 0 0 0 0 1 0 0 0 0/0 3:53 0:00 0:48
Mitchell Chaffee 0 0 0 0 0 0 2 0 0 0 0/0 12:41 0:15 0:00
Nikita Okhotyuk 0 0 0 0 0 0 0 0 0 0 0/0 5:22 0:00 0:00
Nikita Scherbak 1 2 3 1 2 4 2 0 2 1 0/0 22:29 2:11 1:05
Nils Hoglander 2 0 2 1 0 6 1 0 0 0 3/3 22:23 2:11 1:05
Zach Whitecloud 0 0 0 1 0 0 2 0 0 0 0/0 18:28 1:57 1:37
3 Stars
1 - Nils Hoglander (Roc)
2 - Dillon Dube (Roc)
3 - Nikita Scherbak (Roc)
Power Play
Canucks - 1 on 3 Attempt(s) - 33.33%
Icehogs - 1 on 3 Attempt(s) - 33.33%
Penalty Kill
Canucks - 2 on 3 Attempt(s) - 66.67%
- Score 0 goal in Penalty Kill
Icehogs - 2 on 3 Attempt(s) - 66.67%
- Score 0 goal in Penalty Kill
Team Stat
Canucks - Hits : 21 - Faceoff Wins : 19 - Blocked Shots : 17 - Penalty Minutes : 6
Icehogs - Hits : 19 - Faceoff Wins : 30 - Blocked Shots : 7 - Penalty Minutes : 6
Official
Referees : Conor O'Donnell and Ian Walsh
Linesman : Travis Gawryletz and Ryan Gibbons
Game Notes
Nils Hoglander has scored in a empty net!
Finance
Level 1 -- Attendance: 2000 (100.00%) -- Ticket Income $140,000
Level 2 -- Attendance: 867 (86.70%) -- Ticket Income $34,680
Total Attendance: 2867 (95.57%)
Total Ticket Income: $174,680
Other Income: $8,734
Total Income: $183,414
Canucks
5 vs 5 Forward
Center Left Wing Right Wing Time % Phy DF OF
1 Axel Holmstrom C.J. Smith William Lockwood 40 1 2 2
2 Aleksi Heponiemi Kristian Vesalainen Tobias Lindberg 30 1 2 2
3 Lane Pederson Pavel Gogolev Aku Raty 20 1 2 2
4 Maxim Letunov Jackson Hallum William Lockwood 10 1 2 2
5 vs 5 Defense
Defense Defense Time % Phy DF OF
1 Adam Ollas-Mattsson William Lagesson 40 1 2 2
2 Daniil Miromanov Guillaume Brisebois 30 1 2 2
3 Will Borgen Jack Rathbone 20 1 2 2
4 Adam Ollas-Mattsson William Lagesson 10 1 2 2
PowerPlay Forward
Center Left Wing Right Wing Time % Phy DF OF
1 Axel Holmstrom C.J. Smith William Lockwood 60 1 2 2
2 Aleksi Heponiemi Kristian Vesalainen Tobias Lindberg 40 1 2 2
PowerPlay Defense
Defense Defense Time % Phy DF OF
1 Adam Ollas-Mattsson William Lagesson 60 1 2 2
2 Daniil Miromanov Guillaume Brisebois 40 1 2 2
Penalty Kill 4 Players Forward
Center Wing Time % Phy DF OF
1 Axel Holmstrom C.J. Smith 60 1 2 2
2 Aleksi Heponiemi Kristian Vesalainen 40 1 2 2
Penalty Kill 4 Players Defense
Defense Defense Time % Phy DF OF
1 Adam Ollas-Mattsson William Lagesson 60 1 2 2
2 Daniil Miromanov Guillaume Brisebois 40 1 2 2
Penalty Kill - 3 Players Forward
Forward Time % Phy DF OF
1 Axel Holmstrom 60 1 2 2
2 Aleksi Heponiemi 40 1 2 2
Penalty Kill - 3 Players Defense
Defense Defense Time % Phy DF OF
1 Adam Ollas-Mattsson William Lagesson 60 1 2 2
2 Daniil Miromanov Guillaume Brisebois 40 1 2 2
4 vs 4 Forward
Center Wing Time % Phy DF OF
1 Axel Holmstrom C.J. Smith 60 1 2 2
2 Aleksi Heponiemi Kristian Vesalainen 40 1 2 2
4 vs 4 Defense
Defense Defense Time % Phy DF OF
1 Adam Ollas-Mattsson William Lagesson 60 1 2 2
2 Daniil Miromanov Guillaume Brisebois 40 1 2 2
Last Minutes Offensive
Center Left Wing Right Wing Defense Defense
Axel Holmstrom C.J. Smith William Lockwood Adam Ollas-Mattsson William Lagesson
Last Minutes Defensive
Center Left Wing Right Wing Defense Defense
Axel Holmstrom C.J. Smith William Lockwood Adam Ollas-Mattsson William Lagesson
Goaltenders
Starting : Casey DeSmith
Backup : Jan Bednar
Extra Forwards
Normal : Lane Pederson, Tobias Lindberg, Maxim Letunov - PP : Lane Pederson, Tobias Lindberg - PK : Lane Pederson
Extra Defensemen
Normal : Guillaume Brisebois, Will Borgen, Jack Rathbone - PP : Guillaume Brisebois - PK : Guillaume Brisebois, Will Borgen
Penalty Shots
Axel Holmstrom, William Lockwood, C.J. Smith, Aleksi Heponiemi, Lane Pederson
Custom OT Lines Forwards
Axel Holmstrom, William Lockwood, C.J. Smith, Aleksi Heponiemi, Lane Pederson, Tobias Lindberg, Maxim Letunov, Rasmus Asplund, Kristian Vesalainen, Pavel Gogolev
Custom OT Lines Defensemen
Adam Ollas-Mattsson, William Lagesson, Daniil Miromanov, Guillaume Brisebois, Will Borgen
Scratches
Albert Lyckasen (Healthy), Curtis Lazar (Suspend), Ryan O'Rourke (Healthy), Michael Benning (Healthy), Jakob Forsbacka-Karlsson (Healthy)
Jay O'Brien (Healthy), John Hayden (Healthy), Juho Lammikko (Suspend), Chase Yoder (Healthy), Michael Kesselring (Healthy)
Jonathan Kovacevic (Healthy), Ian Scott (Healthy)
Icehogs
5 vs 5 Forward
Center Left Wing Right Wing Time % Phy DF OF
1 Dillon Dube Nils Hoglander Nikita Scherbak 40 1 2 2
2 Andrew Poturalski Gabriel Fortier JJ. Piccinich 30 1 2 2
3 Connor Zary Egor Afanasyev Mitchell Chaffee 20 1 2 2
4 Clark Bishop Dillon Dube Andrew Poturalski 10 1 2 2
5 vs 5 Defense
Defense Defense Time % Phy DF OF
1 Julius Honka Jeremy Davies 40 1 2 2
2 Calle Andersson Zach Whitecloud 30 1 2 2
3 Declan Chisholm Eamon Powell 20 1 2 2
4 Nikita Okhotyuk Julius Honka 10 1 2 2
PowerPlay Forward
Center Left Wing Right Wing Time % Phy DF OF
1 Dillon Dube Nils Hoglander Nikita Scherbak 60 1 2 2
2 Andrew Poturalski Gabriel Fortier JJ. Piccinich 40 1 2 2
PowerPlay Defense
Defense Defense Time % Phy DF OF
1 Julius Honka Jeremy Davies 60 1 2 2
2 Calle Andersson Zach Whitecloud 40 1 2 2
Penalty Kill 4 Players Forward
Center Wing Time % Phy DF OF
1 Dillon Dube Andrew Poturalski 60 1 2 2
2 Nikita Scherbak Nils Hoglander 40 1 2 2
Penalty Kill 4 Players Defense
Defense Defense Time % Phy DF OF
1 Julius Honka Jeremy Davies 60 1 2 2
2 Calle Andersson Zach Whitecloud 40 1 2 2
Penalty Kill - 3 Players Forward
Forward Time % Phy DF OF
1 Dillon Dube 60 1 2 2
2 Andrew Poturalski 40 1 2 2
Penalty Kill - 3 Players Defense
Defense Defense Time % Phy DF OF
1 Julius Honka Jeremy Davies 60 1 2 2
2 Calle Andersson Zach Whitecloud 40 1 2 2
4 vs 4 Forward
Center Wing Time % Phy DF OF
1 Dillon Dube Andrew Poturalski 60 1 2 2
2 Nikita Scherbak Nils Hoglander 40 1 2 2
4 vs 4 Defense
Defense Defense Time % Phy DF OF
1 Julius Honka Jeremy Davies 60 1 2 2
2 Calle Andersson Zach Whitecloud 40 1 2 2
Last Minutes Offensive
Center Left Wing Right Wing Defense Defense
Dillon Dube Nils Hoglander Nikita Scherbak Julius Honka Jeremy Davies
Last Minutes Defensive
Center Left Wing Right Wing Defense Defense
Dillon Dube Nils Hoglander Nikita Scherbak Julius Honka Jeremy Davies
Goaltenders
Starting : Mackenzie Blackwood
Backup : Oscar Dansk
Extra Forwards
Normal : Antoine Morand, Jackson Cates, Kristian Reichel - PP : Antoine Morand, Jackson Cates - PK : Kristian Reichel
Extra Defensemen
Normal : Declan Chisholm, Eamon Powell, Nikita Okhotyuk - PP : Declan Chisholm - PK : Eamon Powell, Nikita Okhotyuk
Penalty Shots
Dillon Dube, Andrew Poturalski, Nikita Scherbak, Nils Hoglander, Gabriel Fortier
Custom OT Lines Forwards
Dillon Dube, Andrew Poturalski, Nikita Scherbak, Nils Hoglander, Gabriel Fortier, JJ. Piccinich, Connor Zary, Clark Bishop, Mitchell Chaffee, Antoine Morand
Custom OT Lines Defensemen
Julius Honka, Jeremy Davies, Calle Andersson, Zach Whitecloud, Declan Chisholm
Scratches
Jesper Vikman (Healthy), Petr Kvaca (Healthy)
% Time on Ice - Canucks
Lines # - Real PCT - Wanted PCT - Time Play
Normal Forward
1 - 35% - 40% - 17:48
2 - 31% - 30% - 15:58
3 - 24% - 20% - 11:55
4 - 10% - 10% - 5:01
Normal Defense
1 - 37% - 40% - 18:50
2 - 34% - 30% - 17:05
3 - 24% - 20% - 11:57
4 - 6% - 10% - 2:50
PP Forward
1 - 56% - 60% - 2:34
2 - 44% - 40% - 1:59
PP Defense
1 - 62% - 60% - 2:50
2 - 38% - 40% - 1:43
PK Forward
1 - 83% - 60% - 3:30
2 - 17% - 40% - 0:42
PK Defense
1 - 64% - 60% - 2:42
2 - 36% - 40% - 1:30
PK3 Forward
1 - 0% - 60%
2 - 0% - 40%
PK3 Defense
1 - 0% - 60%
2 - 0% - 40%
44 Forward
1 - 0% - 60%
2 - 0% - 40%
44 Defense
1 - 0% - 60%
2 - 0% - 40%
Last Minute Offensive - 0:33
Last Minute Defensive - 0:00
Total
Forward - 60:00
Defense - 60:00
|
% Time on Ice - Icehogs
Lines # - Real PCT - Wanted PCT - Time Play
Normal Forward
1 - 38% - 40% - 19:17
2 - 29% - 30% - 14:49
3 - 26% - 20% - 13:01
4 - 7% - 10% - 3:34
Normal Defense
1 - 38% - 40% - 19:30
2 - 30% - 30% - 15:21
3 - 22% - 20% - 10:57
4 - 10% - 10% - 4:53
PP Forward
1 - 58% - 60% - 2:26
2 - 42% - 40% - 1:46
PP Defense
1 - 54% - 60% - 2:15
2 - 46% - 40% - 1:57
PK Forward
1 - 76% - 60% - 3:28
2 - 24% - 40% - 1:05
PK Defense
1 - 64% - 60% - 2:56
2 - 36% - 40% - 1:37
PK3 Forward
1 - 0% - 60%
2 - 0% - 40%
PK3 Defense
1 - 0% - 60%
2 - 0% - 40%
44 Forward
1 - 0% - 60%
2 - 0% - 40%
44 Defense
1 - 0% - 60%
2 - 0% - 40%
Last Minute Offensive - 0:00
Last Minute Defensive - 0:34
Total
Forward - 60:00
Defense - 60:00
|
Play-by-Play
1st period
0:01 of 1st period - Dillon Dube wins face-off versus Axel Holmstrom in neutral zone.
0:08 of 1st period - Snap shot by Nikita Scherbak.
0:08 of 1st period - Stopped by Casey DeSmith without a rebound.
0:09 of 1st period - Axel Holmstrom wins face-off versus Dillon Dube in Canucks zone.
0:40 of 1st period - Wrist shot by Dillon Dube.
0:40 of 1st period - Shot Misses the Net.
0:42 of 1st period - Slapshot by Julius Honka.
0:42 of 1st period - Shot Misses the Net.
1:33 of 1st period - Julius Honka is hit by Adam Ollas-Mattsson and loses puck.
2:20 of 1st period - Wrist shot by Dillon Dube.
2:20 of 1st period - Shot Blocked by Adam Ollas-Mattsson.
2:22 of 1st period - Slapshot by Julius Honka.
2:22 of 1st period - Shot Misses the Net.
2:24 of 1st period - Slapshot by Julius Honka.
2:24 of 1st period - Shot Blocked by Adam Ollas-Mattsson.
2:32 of 1st period - Julius Honka is hit by Axel Holmstrom and loses puck.
2:53 of 1st period - Dillon Dube is hit by C.J. Smith.
2:59 of 1st period - Wrist shot by William Lockwood.
2:59 of 1st period - Stopped by Mackenzie Blackwood with a rebound.
3:53 of 1st period - Wrist shot by Axel Holmstrom.
3:53 of 1st period - Shot Misses the Net.
4:23 of 1st period - William Lagesson is hit by Dillon Dube and loses puck.
4:27 of 1st period - Icing by Axel Holmstrom.
4:28 of 1st period - Andrew Poturalski wins face-off versus Axel Holmstrom in Canucks zone.
4:38 of 1st period - Off-side.
4:39 of 1st period - Andrew Poturalski wins face-off versus Aleksi Heponiemi in neutral zone.
4:42 of 1st period - Wrist shot by JJ. Piccinich.
4:42 of 1st period - Shot Blocked by Guillaume Brisebois.
6:03 of 1st period - Icing by Eamon Powell.
6:04 of 1st period - Andrew Poturalski wins face-off versus Aleksi Heponiemi in Icehogs zone.
6:30 of 1st period - Calle Andersson is hit by Guillaume Brisebois and loses puck.
7:21 of 1st period - Andrew Poturalski is hit by Jackson Hallum and loses puck.
8:40 of 1st period - Tobias Lindberg is hit by Antoine Morand and loses puck.
9:21 of 1st period - Daniil Miromanov is hit by Kristian Reichel and loses puck.
9:44 of 1st period - Wrist shot by Jack Rathbone.
9:44 of 1st period - Shot Misses the Net.
16:03 of 1st period - Daniil Miromanov is hit by Mitchell Chaffee and loses puck.
16:16 of 1st period - Julius Honka is hit by Daniil Miromanov and loses puck.
18:54 of 1st period - Aku Raty is hit by Dillon Dube and loses puck.
Goals for this period are 0 for Canucks vs 0 for Icehogs.
Shots for this period are 1 for Canucks vs 1 for Icehogs.
2nd period
0:01 of 2nd period - Axel Holmstrom wins face-off versus Dillon Dube in neutral zone.
0:23 of 2nd period - Icing by Jeremy Davies.
0:24 of 2nd period - Andrew Poturalski wins face-off versus Aleksi Heponiemi in Icehogs zone.
0:33 of 2nd period - Slapshot by William Lagesson.
0:33 of 2nd period - Shot Blocked by JJ. Piccinich.
0:35 of 2nd period - Snap shot by Kristian Vesalainen.
0:35 of 2nd period - Shot Blocked by Jeremy Davies.
0:37 of 2nd period - Backhand shot by William Lagesson.
0:37 of 2nd period - Stopped by Mackenzie Blackwood without a rebound.
0:38 of 2nd period - Dillon Dube wins face-off versus Axel Holmstrom in Icehogs zone.
1:23 of 2nd period - Slapshot by Pavel Gogolev.
1:23 of 2nd period - Stopped by Mackenzie Blackwood without a rebound.
1:24 of 2nd period - Lane Pederson wins face-off versus Connor Zary in Icehogs zone.
1:25 of 2nd period - Backhand shot by Daniil Miromanov.
1:25 of 2nd period - Stopped by Mackenzie Blackwood with a rebound.
1:27 of 2nd period - Snap shot by Aku Raty.
1:27 of 2nd period - Stopped by Mackenzie Blackwood with a rebound.
1:29 of 2nd period - Slapshot by Daniil Miromanov.
1:29 of 2nd period - Shot Misses the Net.
1:31 of 2nd period - Slapshot by Lane Pederson.
1:31 of 2nd period - Shot Misses the Net.
1:33 of 2nd period - Backhand shot by Pavel Gogolev.
1:33 of 2nd period - Shot Misses the Net.
1:35 of 2nd period - Backhand shot by Lane Pederson.
1:35 of 2nd period - Stopped by Mackenzie Blackwood without a rebound.
1:36 of 2nd period - Dillon Dube wins face-off versus Axel Holmstrom in Icehogs zone.
1:36 of 2nd period - Dillon Dube is hit by Guillaume Brisebois.
2:07 of 2nd period - Slapshot by Jeremy Davies.
2:07 of 2nd period - Shot Misses the Net.
2:13 of 2nd period - Andrew Poturalski is hit by Aleksi Heponiemi and loses puck.
3:12 of 2nd period - Wrist shot by Nikita Scherbak.
3:12 of 2nd period - Shot Misses the Net.
3:26 of 2nd period - Minor Penalty to Aku Raty for Interference.
3:27 of 2nd period - Dillon Dube wins face-off versus Axel Holmstrom in Canucks zone.
3:32 of 2nd period - Slapshot by Dillon Dube.
3:32 of 2nd period - Stopped by Casey DeSmith with a rebound.
3:34 of 2nd period - Slapshot by Calle Andersson.
3:34 of 2nd period - Shot Misses the Net.
3:36 of 2nd period - Wrist shot by Nikita Scherbak.
3:36 of 2nd period - Shot Blocked by Axel Holmstrom.
3:38 of 2nd period - Slapshot by Dillon Dube.
3:38 of 2nd period - Shot Misses the Net.
3:40 of 2nd period - Wrist shot by Nils Hoglander.
3:40 of 2nd period - Goal by Nils Hoglander - Canucks : 0 - Icehogs : 1.
3:41 of 2nd period - Dillon Dube wins face-off versus Axel Holmstrom in neutral zone.
3:46 of 2nd period - Wrist shot by Nikita Scherbak.
3:46 of 2nd period - Shot Blocked by C.J. Smith.
3:59 of 2nd period - Minor Penalty to Nikita Scherbak for Tripping.
4:00 of 2nd period - Axel Holmstrom wins face-off versus Dillon Dube in Icehogs zone.
4:10 of 2nd period - Snap shot by William Lockwood.
4:10 of 2nd period - Shot Blocked by Jeremy Davies.
4:12 of 2nd period - Slapshot by Adam Ollas-Mattsson.
4:12 of 2nd period - Shot Blocked by Jeremy Davies.
4:14 of 2nd period - Backhand shot by C.J. Smith.
4:14 of 2nd period - Shot Misses the Net.
4:16 of 2nd period - Slapshot by Adam Ollas-Mattsson.
4:16 of 2nd period - Shot Misses the Net.
4:34 of 2nd period - Slapshot by William Lagesson.
4:34 of 2nd period - Goal by William Lagesson - Canucks : 1 - Icehogs : 1.
4:35 of 2nd period - Dillon Dube wins face-off versus Axel Holmstrom in neutral zone.
4:48 of 2nd period - Snap shot by Nikita Scherbak.
4:48 of 2nd period - Stopped by Casey DeSmith with a rebound.
5:00 of 2nd period - Aleksi Heponiemi is hit by JJ. Piccinich and loses puck.
5:25 of 2nd period - Slapshot by Pavel Gogolev.
5:25 of 2nd period - Stopped by Mackenzie Blackwood without a rebound.
5:26 of 2nd period - Dillon Dube wins face-off versus Lane Pederson in Icehogs zone.
5:30 of 2nd period - Off-side.
5:31 of 2nd period - Axel Holmstrom wins face-off versus Dillon Dube in neutral zone.
5:34 of 2nd period - Slapshot by William Lockwood.
5:34 of 2nd period - Stopped by Mackenzie Blackwood without a rebound.
5:35 of 2nd period - Dillon Dube wins face-off versus Axel Holmstrom in Icehogs zone.
5:56 of 2nd period - Minor Penalty to Declan Chisholm for Tripping.
5:57 of 2nd period - Dillon Dube wins face-off versus Axel Holmstrom in Icehogs zone.
7:06 of 2nd period - Snap shot by Kristian Reichel.
7:06 of 2nd period - Deflect By Gabriel Fortier.
7:06 of 2nd period - Shot Blocked by Guillaume Brisebois.
7:06 of 2nd period - Puck is out of play.
7:07 of 2nd period - Tobias Lindberg wins face-off versus Dillon Dube in Canucks zone.
7:56 of 2nd period - Penalty to Declan Chisholm is over, Declan Chisholm is back on ice.
10:17 of 2nd period - Kristian Vesalainen is hit by Zach Whitecloud.
10:27 of 2nd period - Axel Holmstrom is hit by Eamon Powell and loses puck.
10:43 of 2nd period - Jack Rathbone is hit by Nikita Scherbak and loses puck.
11:58 of 2nd period - Snap shot by Clark Bishop.
11:58 of 2nd period - Shot Misses the Net.
12:09 of 2nd period - Off-side.
12:10 of 2nd period - Antoine Morand wins face-off versus Axel Holmstrom in neutral zone.
12:37 of 2nd period - Snap shot by Connor Zary.
12:37 of 2nd period - Shot Blocked by Daniil Miromanov.
12:45 of 2nd period - Egor Afanasyev is hit by Kristian Vesalainen.
13:04 of 2nd period - Snap shot by Pavel Gogolev.
13:04 of 2nd period - Stopped by Mackenzie Blackwood without a rebound.
13:05 of 2nd period - Aleksi Heponiemi wins face-off versus Dillon Dube in Icehogs zone.
13:06 of 2nd period - Slapshot by Tobias Lindberg.
13:06 of 2nd period - Shot Misses the Net.
13:12 of 2nd period - Snap shot by Eamon Powell.
13:12 of 2nd period - Shot Misses the Net.
13:14 of 2nd period - Snap shot by Nils Hoglander.
13:14 of 2nd period - Stopped by Casey DeSmith without a rebound.
13:15 of 2nd period - Dillon Dube wins face-off versus Aleksi Heponiemi in Canucks zone.
13:18 of 2nd period - Wrist shot by Nikita Scherbak.
13:18 of 2nd period - Shot Misses the Net.
13:20 of 2nd period - Slapshot by Declan Chisholm.
13:20 of 2nd period - Stopped by Casey DeSmith without a rebound.
13:21 of 2nd period - Nils Hoglander wins face-off versus Axel Holmstrom in Canucks zone.
13:34 of 2nd period - Snap shot by Axel Holmstrom.
13:34 of 2nd period - Shot Blocked by Jeremy Davies.
15:38 of 2nd period - Off-side.
15:39 of 2nd period - Clark Bishop wins face-off versus William Lockwood in neutral zone.
15:58 of 2nd period - Off-side.
15:59 of 2nd period - Aleksi Heponiemi wins face-off versus Andrew Poturalski in neutral zone.
16:06 of 2nd period - Wrist shot by Aleksi Heponiemi.
16:06 of 2nd period - Stopped by Mackenzie Blackwood without a rebound.
16:07 of 2nd period - Axel Holmstrom wins face-off versus Dillon Dube in Icehogs zone.
16:16 of 2nd period - Nils Hoglander is hit by Adam Ollas-Mattsson and loses puck.
16:23 of 2nd period - Slapshot by William Lockwood.
16:23 of 2nd period - Stopped by Mackenzie Blackwood with a rebound.
16:37 of 2nd period - Wrist shot by JJ. Piccinich.
16:37 of 2nd period - Goal by JJ. Piccinich - Canucks : 1 - Icehogs : 2.
16:38 of 2nd period - Axel Holmstrom wins face-off versus Dillon Dube in neutral zone.
16:53 of 2nd period - Snap shot by William Lockwood.
16:53 of 2nd period - Shot Misses the Net.
17:05 of 2nd period - Aleksi Heponiemi is hit by Julius Honka and loses puck.
17:33 of 2nd period - Daniil Miromanov is hit by Connor Zary and loses puck.
17:52 of 2nd period - Wrist shot by C.J. Smith.
17:52 of 2nd period - Shot Misses the Net.
18:30 of 2nd period - Snap shot by Connor Zary.
18:30 of 2nd period - Stopped by Casey DeSmith with a rebound.
18:50 of 2nd period - Slapshot by Dillon Dube.
18:50 of 2nd period - Stopped by Casey DeSmith with a rebound.
19:26 of 2nd period - Snap shot by Daniil Miromanov.
19:26 of 2nd period - Shot Blocked by Egor Afanasyev.
19:56 of 2nd period - William Lagesson is hit by Nikita Scherbak and loses puck.
Goals for this period are 1 for Canucks vs 2 for Icehogs.
Shots for this period are 11 for Canucks vs 8 for Icehogs.
3rd period
0:01 of 3rd period - Axel Holmstrom wins face-off versus Dillon Dube in neutral zone.
0:04 of 3rd period - Dillon Dube is hit by William Lagesson and loses puck.
0:25 of 3rd period - Tobias Lindberg is hit by Gabriel Fortier and loses puck.
0:30 of 3rd period - Snap shot by Andrew Poturalski.
0:30 of 3rd period - Shot Blocked by Kristian Vesalainen.
0:32 of 3rd period - Snap shot by Gabriel Fortier.
0:32 of 3rd period - Shot Blocked by William Lagesson.
0:34 of 3rd period - Wrist shot by Andrew Poturalski.
0:34 of 3rd period - Stopped by Casey DeSmith with a rebound.
0:36 of 3rd period - Slapshot by Calle Andersson.
0:36 of 3rd period - Shot Misses the Net.
0:38 of 3rd period - Snap shot by JJ. Piccinich.
0:38 of 3rd period - Stopped by Casey DeSmith without a rebound.
0:39 of 3rd period - Dillon Dube wins face-off versus Axel Holmstrom in Canucks zone.
0:46 of 3rd period - Snap shot by Dillon Dube.
0:46 of 3rd period - Stopped by Casey DeSmith with a rebound.
0:48 of 3rd period - Snap shot by Dillon Dube.
0:48 of 3rd period - Stopped by Casey DeSmith without a rebound.
0:49 of 3rd period - Nils Hoglander wins face-off versus Axel Holmstrom in Canucks zone.
0:52 of 3rd period - Slapshot by Dillon Dube.
0:52 of 3rd period - Shot Misses the Net.
0:54 of 3rd period - Wrist shot by Calle Andersson.
0:54 of 3rd period - Shot Misses the Net.
0:56 of 3rd period - Snap shot by Nils Hoglander.
0:56 of 3rd period - Stopped by Casey DeSmith with a rebound.
0:58 of 3rd period - Snap shot by Dillon Dube.
0:58 of 3rd period - Deflect By Nikita Scherbak.
0:58 of 3rd period - Shot Misses the Net.
0:58 of 3rd period - Puck is out of play.
0:59 of 3rd period - Axel Holmstrom wins face-off versus Dillon Dube in Canucks zone.
1:13 of 3rd period - Slapshot by Jeremy Davies.
1:13 of 3rd period - Shot Blocked by C.J. Smith.
1:25 of 3rd period - Julius Honka is hit by Pavel Gogolev and loses puck.
1:47 of 3rd period - Off-side.
1:48 of 3rd period - Aleksi Heponiemi wins face-off versus Connor Zary in neutral zone.
1:51 of 3rd period - Slapshot by William Lagesson.
1:51 of 3rd period - Stopped by Mackenzie Blackwood without a rebound.
1:52 of 3rd period - Aleksi Heponiemi wins face-off versus Connor Zary in Icehogs zone.
2:13 of 3rd period - Slapshot by Connor Zary.
2:13 of 3rd period - Deflect By Aleksi Heponiemi.
2:13 of 3rd period - Shot Misses the Net.
2:13 of 3rd period - Puck is out of play.
2:14 of 3rd period - Dillon Dube wins face-off versus Axel Holmstrom in Canucks zone.
2:39 of 3rd period - Jeremy Davies is hit by Pavel Gogolev and loses puck.
3:02 of 3rd period - Snap shot by Connor Zary.
3:02 of 3rd period - Shot Misses the Net.
3:04 of 3rd period - Slapshot by Jeremy Davies.
3:04 of 3rd period - Stopped by Casey DeSmith without a rebound.
3:05 of 3rd period - Connor Zary wins face-off versus Axel Holmstrom in Canucks zone.
3:12 of 3rd period - Slapshot by Connor Zary.
3:12 of 3rd period - Shot Misses the Net.
4:13 of 3rd period - Mitchell Chaffee is hit by Will Borgen and loses puck.
4:20 of 3rd period - Snap shot by C.J. Smith.
4:20 of 3rd period - Stopped by Mackenzie Blackwood without a rebound.
4:21 of 3rd period - Dillon Dube wins face-off versus Axel Holmstrom in Icehogs zone.
4:26 of 3rd period - Nils Hoglander is hit by C.J. Smith and loses puck.
4:39 of 3rd period - William Lagesson is hit by Nils Hoglander and loses puck.
5:02 of 3rd period - Slapshot by Nils Hoglander.
5:02 of 3rd period - Shot Blocked by Guillaume Brisebois.
5:04 of 3rd period - Wrist shot by Nils Hoglander.
5:04 of 3rd period - Stopped by Casey DeSmith with a rebound.
5:06 of 3rd period - Wrist shot by Nikita Scherbak.
5:06 of 3rd period - Shot Blocked by Daniil Miromanov.
5:08 of 3rd period - Wrist shot by Dillon Dube.
5:08 of 3rd period - Shot Blocked by Guillaume Brisebois.
5:10 of 3rd period - Snap shot by Dillon Dube.
5:10 of 3rd period - Shot Blocked by Lane Pederson.
5:12 of 3rd period - Backhand shot by Dillon Dube.
5:12 of 3rd period - Stopped by Casey DeSmith with a rebound.
5:14 of 3rd period - Wrist shot by Dillon Dube.
5:14 of 3rd period - Deflect By Nikita Scherbak.
5:14 of 3rd period - Stopped by Casey DeSmith without a rebound.
5:15 of 3rd period - Andrew Poturalski wins face-off versus Aleksi Heponiemi in Canucks zone.
5:40 of 3rd period - Axel Holmstrom is hit by Connor Zary and loses puck.
5:59 of 3rd period - Snap shot by Pavel Gogolev.
5:59 of 3rd period - Deflect By Aku Raty.
5:59 of 3rd period - Shot Misses the Net.
5:59 of 3rd period - Puck is out of play.
6:00 of 3rd period - Lane Pederson wins face-off versus Clark Bishop in Icehogs zone.
6:01 of 3rd period - Snap shot by Pavel Gogolev.
6:01 of 3rd period - Shot Blocked by Jeremy Davies.
6:47 of 3rd period - Snap shot by Tobias Lindberg.
6:47 of 3rd period - Shot Misses the Net.
6:49 of 3rd period - Slapshot by William Lagesson.
6:49 of 3rd period - Deflect By Jeremy Davies.
6:49 of 3rd period - Stopped by Mackenzie Blackwood without a rebound.
6:50 of 3rd period - Dillon Dube wins face-off versus Axel Holmstrom in Icehogs zone.
6:55 of 3rd period - Slapshot by Calle Andersson.
6:55 of 3rd period - Deflect By Dillon Dube.
6:55 of 3rd period - Shot Blocked by Adam Ollas-Mattsson.
6:55 of 3rd period - Puck is out of play.
6:56 of 3rd period - Axel Holmstrom wins face-off versus Dillon Dube in Canucks zone.
6:56 of 3rd period - Axel Holmstrom is hit by Dillon Dube.
7:02 of 3rd period - Snap shot by Nils Hoglander.
7:02 of 3rd period - Shot Misses the Net.
7:13 of 3rd period - Minor Penalty to Calle Andersson for High sticking.
7:14 of 3rd period - Dillon Dube wins face-off versus William Lockwood in Icehogs zone.
7:14 of 3rd period - Dillon Dube is hit by Axel Holmstrom.
8:54 of 3rd period - Nikita Scherbak is hit by Kristian Vesalainen and loses puck.
9:13 of 3rd period - Penalty to Calle Andersson is over, Calle Andersson is back on ice.
9:39 of 3rd period - Snap shot by William Lagesson.
9:39 of 3rd period - Shot Misses the Net.
9:41 of 3rd period - Slapshot by Will Borgen.
9:41 of 3rd period - Stopped by Mackenzie Blackwood without a rebound.
9:42 of 3rd period - Andrew Poturalski wins face-off versus Maxim Letunov in Icehogs zone.
10:01 of 3rd period - Snap shot by Lane Pederson.
10:01 of 3rd period - Stopped by Mackenzie Blackwood with a rebound.
10:03 of 3rd period - Slapshot by Aku Raty.
10:03 of 3rd period - Goal by Aku Raty - Canucks : 2 - Icehogs : 2.
10:04 of 3rd period - Nils Hoglander wins face-off versus Axel Holmstrom in neutral zone.
10:09 of 3rd period - Slapshot by Dillon Dube.
10:09 of 3rd period - Stopped by Casey DeSmith with a rebound.
10:11 of 3rd period - Wrist shot by Nils Hoglander.
10:11 of 3rd period - Shot Misses the Net.
10:13 of 3rd period - Snap shot by Nils Hoglander.
10:13 of 3rd period - Stopped by Casey DeSmith without a rebound.
10:14 of 3rd period - Dillon Dube wins face-off versus Axel Holmstrom in Canucks zone.
10:21 of 3rd period - Wrist shot by Nikita Scherbak.
10:21 of 3rd period - Shot Blocked by Daniil Miromanov.
10:51 of 3rd period - Snap shot by Nikita Scherbak.
10:51 of 3rd period - Goal by Nikita Scherbak - Canucks : 2 - Icehogs : 3.
10:52 of 3rd period - Aleksi Heponiemi wins face-off versus Gabriel Fortier in neutral zone.
10:54 of 3rd period - Minor Penalty to Tobias Lindberg for Roughing.
10:55 of 3rd period - Dillon Dube wins face-off versus Axel Holmstrom in Canucks zone.
11:45 of 3rd period - Nils Hoglander is hit by Axel Holmstrom and loses puck.
12:54 of 3rd period - Penalty to Tobias Lindberg is over, Tobias Lindberg is back on ice.
13:17 of 3rd period - Minor Penalty to William Lockwood for Holding.
13:18 of 3rd period - Dillon Dube wins face-off versus Axel Holmstrom in Canucks zone.
13:53 of 3rd period - Calle Andersson is hit by Daniil Miromanov and loses puck.
14:14 of 3rd period - Slapshot by William Lagesson.
14:14 of 3rd period - Stopped by Mackenzie Blackwood with a rebound.
14:28 of 3rd period - Julius Honka is hit by William Lagesson and loses puck.
15:05 of 3rd period - Adam Ollas-Mattsson is hit by Zach Whitecloud and loses puck.
15:14 of 3rd period - Snap shot by Mitchell Chaffee.
15:14 of 3rd period - Shot Misses the Net.
15:16 of 3rd period - Wrist shot by Mitchell Chaffee.
15:16 of 3rd period - Shot Misses the Net.
15:17 of 3rd period - Penalty to William Lockwood is over, William Lockwood is back on ice.
15:28 of 3rd period - Snap shot by Aleksi Heponiemi.
15:28 of 3rd period - Stopped by Mackenzie Blackwood with a rebound.
16:33 of 3rd period - Kristian Reichel is hit by Daniil Miromanov and loses puck.
17:36 of 3rd period - Daniil Miromanov is hit by Antoine Morand and loses puck.
17:41 of 3rd period - Slapshot by Jeremy Davies.
17:41 of 3rd period - Stopped by Casey DeSmith with a rebound.
17:43 of 3rd period - Slapshot by Jeremy Davies.
17:43 of 3rd period - Deflect By Lane Pederson.
17:43 of 3rd period - Stopped by Casey DeSmith with a rebound.
17:45 of 3rd period - Slapshot by Calle Andersson.
17:45 of 3rd period - Stopped by Casey DeSmith without a rebound.
17:46 of 3rd period - Aleksi Heponiemi wins face-off versus Connor Zary in Canucks zone.
17:46 of 3rd period - Aleksi Heponiemi is hit by Mitchell Chaffee.
18:12 of 3rd period - Snap shot by Nikita Scherbak.
18:12 of 3rd period - Shot Blocked by Guillaume Brisebois.
19:02 of 3rd period - Canucks, Casey DeSmith is pulled from the net.
19:18 of 3rd period - Snap shot by Nils Hoglander.
19:18 of 3rd period - Goal by Nils Hoglander - Canucks : 2 - Icehogs : 4.
19:18 of 3rd period - Casey DeSmith from Canucks was sent back in the game.
19:19 of 3rd period - Axel Holmstrom wins face-off versus Dillon Dube in neutral zone.
Goals for this period are 1 for Canucks vs 2 for Icehogs.
Shots for this period are 8 for Canucks vs 16 for Icehogs.